 Dungeon Sprint DCSS version 0.21.1-1-g345015f (webtiles) character file.

128 Fang the Fighter (level 4, -15/72 HPs)
             Began as a Minotaur Berserker on June 23, 2018.
             Was an Elder of Trog.
             Demolished by a sea snake (21 damage)
             ... in the Dungeon (Sprint VII: "The Pits").
             The game lasted 00:01:03 (552 turns).

Fang the Fighter (Minotaur Berserker)                Turns: 552, Time: 00:01:04

Health: -15/72     AC:  2    Str: 28    XL:     4   Next: 87%
Magic:  3/3        EV: 13    Int:  4    God:    Trog [****..]
Gold:   0          SH:  0    Dex:  9    Spells: 3/3 levels left

rFire    . . .     SeeInvis .   o - +1 hand axe (chop)
rCold    . . .     Gourm    .   (no shield)
rNeg     . . .     Faith    .   b - +0 animal skin
rPois    .         Spirit   .   (helmet restricted)
rElec    .         Reflect  .   (no cloak)
rCorr    .         Harm     .   (no gloves)
MR       .....     NoTele   +   (no boots)
Stlth    ..........             (no amulet)
HPRegen  0.22/turn              (no ring)
MPRegen  0.08/turn              (no ring)

@: berserking, lethally poisoned (-15 -> -82), very quick
A: retaliatory headbutt, horns 2
a: Berserk, Trog's Hand, Brothers in Arms, Burn Spellbooks, Renounce Religion


You were in the Dungeon.
You worshipped Trog.
Trog was greatly pleased with you.
You were hungry.

You visited 1 branch

Inventory:

Hand Weapons
 a - a +0 hand axe
 j - a +2 hand axe
 o - a +1 hand axe of chopping (weapon)
Armour
 b - a +0 animal skin (worn)
Scrolls
 i - a scroll of blinking
 l - 3 scrolls of remove curse
 m - a scroll of summoning
Potions
 d - 6 potions of curing
 e - 6 potions of heal wounds
 f - a potion of haste
 g - 4 potions of magic
 h - 3 potions of berserk rage
 k - 2 potions of invisibility
 n - a potion of lignification {unknown}
Comestibles
 c - 9 rations
 p - a chunk of flesh


   Skills:
 + Level 8.1 Fighting
 + Level 8.1 Axes
 + Level 4.4 Armour
 + Level 4.2 Dodging


You had 3 spell levels left.
You didn't know any spells.

Dungeon Overview and Level Annotations

Branches:
Dungeon (1/1)

Altars:
Cheibriados
Dithmenos
Elyvilon
Fedhas
Gozag
Hepliaklqana
Makhleb
Nemelex Xobeh
Okawaru
Qazlal
Ru
Sif Muna
Trog
Vehumet
Wu Jian
Xom
Yredelemnul
Zin
The Shining One
Beogh
Jiyva
Lugonu


Innate Abilities, Weirdness & Mutations

You reflexively headbutt those who attack you in melee.
You have a pair of horns on your head.


Message History

You slash the sea snake! Your headbutt misses the sea snake.
The sea snake is moderately wounded.
* * * LOW HITPOINT WARNING * * *
You feel sick.
You barely miss the sea snake. Your headbutt misses the sea snake.
The sea snake is moderately wounded.
* * * LOW HITPOINT WARNING * * *
You feel very sick. The sea snake barely misses you.
You closely miss the sea snake.
The sea snake is moderately wounded.
* * * LOW HITPOINT WARNING * * *
You feel very sick. The sea snake misses you.
You barely miss the sea snake. Your headbutt misses the sea snake.
The sea snake is moderately wounded.
* * * LOW HITPOINT WARNING * * *
You feel very sick. The sea snake bites you!!
You die...

#.#....)...##.......#
#'###########.......#
#.......# #########
#.)÷#...# #...#...#
#.##.##.#+#
#...#...#.+
#...#...#S#
#.......†@#
###########


You could see a sea snake.

Vanquished Creatures
  Crazy Yiuf (D)
  3 worker ants (D)
  A gnoll (D)
  An ufetubus (D)
  An adder zombie (D)
  An orc (D)
  A giant cockroach (D)
  A goblin (D)
  A ball python (D)
  2 frilled lizards (D)
  A kobold (D)
  A rat (D)
15 creatures vanquished.

Notes
Turn   | Place    | Note
-------+----------+-------------------------------------------
     0 | D        | Fang the Minotaur Berserker began the quest for the Orb.
     0 | D        | Reached XP level 1. HP: 19/19 MP: 0/0
    11 | D        | Noticed a worker ant
    18 | D        | Killed a worker ant
    18 | D        | Reached skill level 5 in Fighting
    18 | D        | Reached skill level 5 in Axes
    18 | D        | Reached XP level 2. HP: 26/29 MP: 1/1
   129 | D        | Found a bloodstained altar of Trog.
   129 | D        | Found a deep blue altar of Sif Muna.
   129 | D        | Found a viscous altar of Jiyva.
   129 | D        | Found a hazy altar of Hepliaklqana.
   129 | D        | Found an opulent altar of Gozag.
   130 | D        | Found a glowing golden altar of the Shining One.
   130 | D        | Found a glowing silver altar of Zin.
   130 | D        | Found a basalt altar of Yredelemnul.
   130 | D        | Found a shimmering altar of Xom.
   130 | D        | Found an ornate altar of the Wu Jian Council.
   130 | D        | Found a sacrificial altar of Ru.
   130 | D        | Found a stormy altar of Qazlal.
   130 | D        | Found an iron altar of Okawaru.
   130 | D        | Found a sparkling altar of Nemelex Xobeh.
   130 | D        | Found a burning altar of Makhleb.
   130 | D        | Found a blossoming altar of Fedhas.
   130 | D        | Found a white marble altar of Elyvilon.
   130 | D        | Found a shadowy altar of Dithmenos.
   130 | D        | Found a snail-covered altar of Cheibriados.
   132 | D        | Found a radiant altar of Vehumet.
   132 | D        | Found a corrupted altar of Lugonu.
   132 | D        | Found a roughly hewn altar of Beogh.
   175 | D        | Reached XP level 3. HP: 33/37 MP: 2/2
   176 | D        | Reached ** piety under Trog
   246 | D        | Reached XP level 4. HP: 40/47 MP: 3/3
   292 | D        | Noticed Crazy Yiuf
   294 | D        | Reached *** piety under Trog
   299 | D        | Killed Crazy Yiuf
   399 | D        | Reached **** piety under Trog
   544 | D        | Noticed a sea snake
   552 | D        | Demolished by a sea snake

Skill      XL: |  1  2  3  4 |
---------------+-------------+-----
Fighting       | 5 6 7 8 |  8.1
Axes           | 5 6 8 |  8.1
Armour         | 3 4 |  4.4
Dodging        | 3 4 |  4.2

Action                   |  1- 3 |  4- 6 || total
-------------------------+-------+-------++-------
Melee: Hand axe          |    16 |    17 ||    33
       Headbutt          |     8 |     2 ||    10
Invok: Berserk           |     1 |     3 ||     4
  Eat: Chunk             |       |     2 ||     2
Armor: Animal skin       |     2 |     2 ||     4
Dodge: Dodged            |    15 |     9 ||    24
